2847 views
Uploaded 2019-12-29 20:43:47
Game version 1.32.0.4
66:05 long 1on1 ladder game on (2)Amazonia
Saved by BEARAND
2847 views
Uploaded 2019-12-29 20:43:47
Game version 1.32.0.4
66:05 long 1on1 ladder game on (2)Amazonia

19 units @ 1.9k
/ 0.1k
159 buildings @ 5.9k
/ 3.5k



| Scroll of Regeneration | 1 | 100 |
| Potion of Healing | 4 | 600 |
| Orb of Fire | 2 | 650 |
| Staff of Sanctuary | 3 | 750 |
| Boots of Speed | 3 | 750 |
| Staff of Teleportation | 3 | 450 |
| Periapt of Vitality | 2 | 650 |
| total: | 18 | 3950g |
| Peasant | 15 | 1125 | / | 0 |
| Priest | 2 | 270 | / | 20 |
| Sorceress | 1 | 155 | / | 20 |
| Goblin Shredder | 1 | 375 | / | 100 |
| total: | 19 | 1925g | / | 140w |
| Scout Tower | 149 | 4470 | / | 2980 |
| Arcane Tower | 11 | 770 | / | 550 |
| Guard Tower | 74 | 5180 | / | 3700 |
| Altar of Kings | 1 | 180 | / | 50 |
| Farm | 4 | 320 | / | 80 |
| Lumber Mill | 1 | 120 | / | 0 |
| Arcane Vault | 2 | 260 | / | 60 |
| Town Hall | 1 | 385 | / | 205 |
| Arcane Sanctum | 1 | 150 | / | 140 |
| Keep | 1 | 320 | / | 210 |
| Castle | 2 | 720 | / | 420 |
| total: | 159 | 5885g | / | 3515w |
| 0:03 | Peasant |
| 0:03 | Peasant |
| 0:08 | Altar of Kings |
| 0:16 | Peasant |
| 0:19 | Farm |
| 0:21 | Peasant |
| 0:34 | Peasant |
| 0:42 | Scout Tower |
| 0:45 | Farm |
| 0:47 | Peasant |
| 0:51 | Peasant |
| 1:10 | Lumber Mill |
| 1:11 | Peasant |
| 1:27 | Scout Tower |
| 1:29 | Peasant |
| 1:35 | Arcane Tower |
| 1:46 | Peasant |
| 1:50 | Scout Tower |
| 1:55 | Peasant |
| 2:10 | Blizzard |
| 2:23 | Guard Tower |
| 2:25 | Scout Tower |
| 2:25 | Peasant |
| 2:26 | Peasant |
| 2:26 | Peasant |
| 2:46 | Guard Tower |
| 3:22 | Brilliance Aura |
| 3:25 | Peasant |
| 3:26 | Guard Tower |
| 3:28 | Scout Tower |
| 3:38 | Keep |
| 3:57 | Guard Tower |
| 3:58 | Arcane Vault |
| 4:08 | Boots of Speed |
| 4:08 | Staff of Teleportation |
| 4:15 | Scout Tower |
| 4:16 | Scout Tower |
| 4:16 | Scout Tower |
| 4:17 | Scout Tower |
| 4:43 | Improved Masonry |
| 4:55 | Farm |
| 4:56 | Farm |
| 5:46 | Scout Tower |
| 5:49 | Guard Tower |
| 6:08 | Goblin Shredder |
| 6:14 | Scroll of Regeneration |
| 6:17 | Guard Tower |
| 6:26 | Arcane Tower |
| 6:28 | Guard Tower |
| 7:33 | Guard Tower |
| 7:41 | Storm Bolt |
| 8:00 | Scout Tower |
| 8:00 | Scout Tower |
| 8:01 | Advanced Masonry |
| 8:02 | Improved Lumber Harvesting |
| 9:31 | Scout Tower |
| 9:32 | Scout Tower |
| 9:32 | Scout Tower |
| 9:33 | Scout Tower |
| 9:34 | Scout Tower |
| 9:34 | Scout Tower |
| 9:35 | Scout Tower |
| 9:35 | Scout Tower |
| 9:36 | Blizzard |
| 9:48 | Town Hall |
| 9:50 | Scout Tower |
| 9:50 | Scout Tower |
| 9:50 | Scout Tower |
| 9:51 | Scout Tower |
| 9:51 | Scout Tower |
| 9:52 | Scout Tower |
| 9:52 | Scout Tower |
| 9:53 | Scout Tower |
| 9:54 | Scout Tower |
| 9:54 | Scout Tower |
| 9:55 | Scout Tower |
| 9:55 | Scout Tower |
| 10:07 | Guard Tower |
| 10:24 | Guard Tower |
| 10:33 | Boots of Speed |
| 10:33 | Staff of Teleportation |
| 10:38 | Guard Tower |
| 10:56 | Guard Tower |
| 10:58 | Guard Tower |
| 11:25 | Arcane Sanctum |
| 11:29 | Guard Tower |
| 11:35 | Potion of Healing |
| 12:13 | Scout Tower |
| 12:15 | Guard Tower |
| 12:24 | Guard Tower |
| 12:38 | Magic Sentry |
| 12:40 | Priest |
| 12:47 | Guard Tower |
| 13:35 | Guard Tower |
| 13:38 | Sorceress |
| 13:38 | Sorceress Adept Training |
| 13:39 | Castle |
| 13:57 | Potion of Healing |
| 13:57 | Potion of Healing |
| 13:57 | Potion of Healing |
| 14:04 | Guard Tower |
| 14:11 | Priest Adept Training |
| 14:15 | Scout Tower |
| 14:16 | Scout Tower |
| 14:16 | Scout Tower |
| 14:16 | Scout Tower |
| 14:17 | Scout Tower |
| 14:19 | Scout Tower |
| 14:20 | Scout Tower |
| 14:20 | Scout Tower |
| 14:21 | Scout Tower |
| 14:21 | Scout Tower |
| 14:22 | Scout Tower |
| 14:22 | Scout Tower |
| 14:23 | Scout Tower |
| 14:23 | Scout Tower |
| 14:24 | Scout Tower |
| 14:24 | Scout Tower |
| 14:25 | Scout Tower |
| 14:25 | Scout Tower |
| 14:26 | Scout Tower |
| 14:38 | Scout Tower |
| 14:39 | Scout Tower |
| 14:39 | Scout Tower |
| 14:41 | Scout Tower |
| 14:44 | Scout Tower |
| 14:44 | Scout Tower |
| 14:45 | Scout Tower |
| 14:45 | Scout Tower |
| 15:03 | Guard Tower |
| 15:08 | Guard Tower |
| 15:08 | Guard Tower |
| 15:25 | Guard Tower |
| 15:42 | Bash |
| 15:53 | Guard Tower |
| 16:02 | Arcane Vault |
| 16:13 | Guard Tower |
| 16:30 | Imbued Masonry |
| 16:32 | Priest |
| 16:34 | Guard Tower |
| 16:51 | Scout Tower |
| 16:52 | Scout Tower |
| 17:21 | Orb of Fire |
| 17:21 | Staff of Sanctuary |
| 17:25 | Scout Tower |
| 17:25 | Scout Tower |
| 17:27 | Holy Light |
| 17:28 | Guard Tower |
| 18:10 | Boots of Speed |
| 18:10 | Staff of Teleportation |
| 18:10 | Periapt of Vitality |
| 18:16 | Guard Tower |
| 18:18 | Scout Tower |
| 18:18 | Scout Tower |
| 18:36 | Guard Tower |
| 18:38 | Scout Tower |
| 18:39 | Scout Tower |
| 18:49 | Guard Tower |
| 18:49 | Guard Tower |
| 18:51 | Orb of Fire |
| 18:51 | Staff of Sanctuary |
| 19:15 | Guard Tower |
| 20:08 | Staff of Sanctuary |
| 20:16 | Guard Tower |
| 20:17 | Scout Tower |
| 20:18 | Scout Tower |
| 20:35 | Scout Tower |
| 20:36 | Scout Tower |
| 20:37 | Scout Tower |
| 20:38 | Arcane Tower |
| 20:39 | Guard Tower |
| 20:39 | Guard Tower |
| 20:41 | Arcane Tower |
| 20:41 | Guard Tower |
| 20:45 | Scout Tower |
| 20:46 | Scout Tower |
| 20:46 | Scout Tower |
| 20:47 | Scout Tower |
| 20:47 | Scout Tower |
| 20:47 | Scout Tower |
| 20:48 | Scout Tower |
| 20:49 | Scout Tower |
| 20:49 | Scout Tower |
| 20:49 | Scout Tower |
| 20:58 | Guard Tower |
| 21:05 | Scout Tower |
| 21:06 | Scout Tower |
| 21:06 | Scout Tower |
| 21:07 | Scout Tower |
| 21:17 | Scout Tower |
| 21:18 | Scout Tower |
| 21:18 | Scout Tower |
| 21:19 | Scout Tower |
| 21:19 | Scout Tower |
| 21:20 | Scout Tower |
| 21:20 | Scout Tower |
| 21:21 | Scout Tower |
| 21:21 | Guard Tower |
| 21:40 | Arcane Tower |
| 21:52 | Arcane Tower |
| 21:58 | Scout Tower |
| 21:59 | Scout Tower |
| 21:59 | Scout Tower |
| 21:59 | Scout Tower |
| 22:00 | Scout Tower |
| 22:00 | Scout Tower |
| 22:03 | Arcane Tower |
| 22:19 | Arcane Tower |
| 22:20 | Guard Tower |
| 22:21 | Guard Tower |
| 22:21 | Arcane Tower |
| 22:21 | Guard Tower |
| 22:31 | Storm Bolt |
| 22:34 | Guard Tower |
| 22:35 | Guard Tower |
| 23:00 | Guard Tower |
| 23:00 | Guard Tower |
| 23:15 | Guard Tower |
| 23:18 | Scout Tower |
| 23:19 | Scout Tower |
| 23:19 | Scout Tower |
| 23:20 | Scout Tower |
| 23:20 | Scout Tower |
| 23:21 | Scout Tower |
| 23:21 | Scout Tower |
| 23:21 | Scout Tower |
| 23:33 | Scout Tower |
| 23:33 | Scout Tower |
| 23:34 | Scout Tower |
| 23:35 | Scout Tower |
| 23:35 | Scout Tower |
| 23:36 | Scout Tower |
| 24:12 | Brilliance Aura |
| 24:14 | Divine Shield |
| 24:27 | Guard Tower |
| 25:24 | Guard Tower |
| 25:28 | Guard Tower |
| 25:53 | Priest Master Training |
| 25:53 | Sorceress Master Training |
| 26:19 | Guard Tower |
| 26:40 | Arcane Tower |
| 26:40 | Guard Tower |
| 28:32 | Guard Tower |
| 29:32 | Holy Light |
| 31:59 | Bash |
| 34:19 | Scout Tower |
| 34:20 | Scout Tower |
| 34:20 | Scout Tower |
| 34:21 | Scout Tower |
| 34:21 | Scout Tower |
| 34:22 | Scout Tower |
| 34:29 | Scout Tower |
| 34:29 | Scout Tower |
| 34:30 | Scout Tower |
| 34:30 | Scout Tower |
| 34:31 | Scout Tower |
| 34:31 | Scout Tower |
| 34:32 | Scout Tower |
| 34:32 | Scout Tower |
| 34:33 | Scout Tower |
| 34:33 | Scout Tower |
| 34:35 | Scout Tower |
| 34:35 | Scout Tower |
| 34:37 | Scout Tower |
| 34:37 | Scout Tower |
| 34:38 | Scout Tower |
| 34:38 | Scout Tower |
| 34:39 | Scout Tower |
| 34:40 | Scout Tower |
| 34:40 | Scout Tower |
| 34:41 | Scout Tower |
| 34:42 | Scout Tower |
| 34:43 | Scout Tower |
| 34:43 | Scout Tower |
| 34:44 | Scout Tower |
| 34:46 | Scout Tower |
| 34:46 | Scout Tower |
| 34:47 | Scout Tower |
| 34:48 | Scout Tower |
| 35:45 | Guard Tower |
| 36:10 | Arcane Tower |
| 36:10 | Guard Tower |
| 36:11 | Guard Tower |
| 38:25 | Guard Tower |
| 38:26 | Guard Tower |
| 39:20 | Guard Tower |
| 39:40 | Brilliance Aura |
| 44:31 | Divine Shield |
| 45:58 | Storm Bolt |
| 50:52 | Periapt of Vitality |
| 51:53 | Mass Teleport |
| 54:38 | Holy Light |
| 60:09 | Avatar |
| 61:51 | Blizzard |
| Right click | 5391 |
| Select | 1659 |
| Chat | 978 |
| Select group | 854 |
| Use ability | 406 |
| Build/train/purchase | 351 |
| Misc. action | 44 |
| Assign group | 17 |
| Item give/drop | 5 |
| Remove unit | 5 |
| Esc | 2 |
94 units @ 11.9k
/ 1.6k
54 buildings @ 7.9k
/ 3.7k



| Healing Salve | 1 | 100 |
| Orb of Lightning | 1 | 375 |
| Scroll of Healing | 1 | 250 |
| Scroll of Town Portal | 2 | 700 |
| Staff of Teleportation | 1 | 150 |
| total: | 6 | 1575g |
| Peon | 50 | 3750 | / | 0 |
| Grunt | 7 | 1400 | / | 0 |
| Troll Headhunter | 3 | 420 | / | 60 |
| Demolisher | 4 | 880 | / | 200 |
| Raider | 9 | 1620 | / | 360 |
| Troll Berserker | 3 | 420 | / | 60 |
| Kodo Beast | 1 | 255 | / | 60 |
| Troll Batrider | 13 | 2080 | / | 520 |
| Tauren | 4 | 1120 | / | 320 |
| total: | 94 | 11945g | / | 1580w |
| Watch Tower | 23 | 2530 | / | 1840 |
| Altar of Storms | 1 | 180 | / | 50 |
| Orc Burrow | 22 | 3520 | / | 880 |
| Barracks | 1 | 180 | / | 50 |
| Voodoo Lounge | 1 | 130 | / | 30 |
| War Mill | 1 | 205 | / | 0 |
| Great Hall | 2 | 770 | / | 370 |
| Beastiary | 1 | 145 | / | 140 |
| Spirit Lodge | 1 | 150 | / | 150 |
| Tauren Totem | 1 | 135 | / | 155 |
| Stronghold | 2 | 630 | / | 380 |
| Fortress | 2 | 650 | / | 380 |
| total: | 54 | 7945g | / | 3665w |
| 0:04 | Altar of Storms |
| 0:04 | Peon |
| 0:08 | Orc Burrow |
| 0:22 | Barracks |
| 0:28 | Peon |
| 0:28 | Peon |
| 0:42 | Peon |
| 0:53 | Peon |
| 1:14 | Peon |
| 1:24 | Grunt |
| 1:32 | Peon |
| 1:49 | Orc Burrow |
| 1:52 | Peon |
| 2:06 | Feral Spirit |
| 2:17 | Voodoo Lounge |
| 2:41 | Peon |
| 2:42 | Grunt |
| 2:59 | Peon |
| 3:18 | Grunt |
| 3:36 | Peon |
| 3:40 | Orc Burrow |
| 4:02 | Grunt |
| 4:08 | War Mill |
| 4:11 | Healing Salve |
| 4:14 | Chain Lighting |
| 4:16 | Peon |
| 4:40 | Stronghold |
| 5:35 | Chain Lighting |
| 5:54 | Troll Headhunter |
| 6:21 | Watch Tower |
| 6:23 | Grunt |
| 6:56 | Troll Headhunter |
| 7:48 | Troll Regeneration |
| 7:58 | Peon |
| 8:04 | Orc Burrow |
| 8:07 | Steel Armor |
| 8:25 | Grunt |
| 8:26 | Berserker Strength |
| 8:26 | Troll Headhunter |
| 8:27 | Peon |
| 8:43 | Peon |
| 8:47 | Fortress |
| 8:52 | Beastiary |
| 9:10 | Healing Spray |
| 9:20 | Acid Bomb |
| 9:27 | Scroll of Healing |
| 9:31 | Scroll of Town Portal |
| 9:59 | Demolisher |
| 10:22 | Raider |
| 10:23 | Ensnare |
| 11:31 | Orc Burrow |
| 11:37 | Orc Burrow |
| 11:58 | Orc Burrow |
| 12:01 | Berserker Upgrade |
| 12:07 | Feral Spirit |
| 12:31 | Peon |
| 12:32 | Peon |
| 12:58 | Demolisher |
| 14:43 | Great Hall |
| 14:50 | Raider |
| 14:54 | Healing Wave |
| 15:00 | Peon |
| 15:00 | Peon |
| 15:03 | Troll Berserker |
| 15:27 | Healing Spray |
| 15:52 | Demolisher |
| 15:53 | Peon |
| 15:56 | Watch Tower |
| 16:29 | Peon |
| 18:28 | Peon |
| 18:28 | Peon |
| 18:28 | Peon |
| 18:28 | Peon |
| 18:33 | Peon |
| 18:33 | Peon |
| 18:33 | Peon |
| 20:06 | Peon |
| 20:06 | Peon |
| 20:13 | Demolisher |
| 20:20 | Kodo Beast |
| 20:47 | Spirit Lodge |
| 20:53 | Tauren Totem |
| 22:38 | Burning Oil |
| 22:40 | Thorium Armor |
| 22:42 | Witch Doctor Adept Training |
| 22:48 | Troll Batrider |
| 22:48 | Troll Batrider |
| 22:48 | Troll Batrider |
| 22:48 | Troll Batrider |
| 22:48 | Troll Batrider |
| 22:50 | Liquid Fire |
| 23:05 | Steel Ranged Weapons |
| 23:51 | Troll Batrider |
| 24:24 | Orc Burrow |
| 24:48 | Peon |
| 24:48 | Peon |
| 24:49 | Peon |
| 24:49 | Peon |
| 24:50 | Peon |
| 24:58 | Orc Burrow |
| 25:05 | Orc Burrow |
| 25:10 | Watch Tower |
| 25:11 | Peon |
| 25:29 | Peon |
| 25:29 | Peon |
| 25:33 | Peon |
| 25:39 | Watch Tower |
| 25:46 | Troll Batrider |
| 25:46 | Troll Batrider |
| 26:03 | Hex |
| 26:16 | Orc Burrow |
| 26:32 | Peon |
| 26:47 | Troll Batrider |
| 26:58 | Peon |
| 27:14 | Peon |
| 27:27 | Troll Batrider |
| 27:44 | Troll Batrider |
| 28:31 | Troll Batrider |
| 28:31 | Troll Batrider |
| 28:43 | Watch Tower |
| 30:02 | Raider |
| 30:10 | Raider |
| 31:03 | Raider |
| 31:10 | Peon |
| 31:17 | Pulverize |
| 31:23 | Peon |
| 32:26 | Orc Burrow |
| 32:39 | Peon |
| 32:43 | Orc Burrow |
| 32:48 | Orc Burrow |
| 33:13 | Watch Tower |
| 33:25 | Watch Tower |
| 34:05 | Peon |
| 34:27 | Peon |
| 36:23 | Watch Tower |
| 36:50 | Staff of Teleportation |
| 37:19 | Watch Tower |
| 37:21 | Troll Berserker |
| 37:42 | Watch Tower |
| 38:36 | Watch Tower |
| 38:36 | Watch Tower |
| 38:37 | Watch Tower |
| 38:40 | Watch Tower |
| 38:57 | Watch Tower |
| 39:08 | Thorium Ranged Weapons |
| 40:09 | Watch Tower |
| 40:55 | Peon |
| 40:55 | Peon |
| 40:56 | Peon |
| 41:00 | Watch Tower |
| 41:02 | Acid Bomb |
| 41:11 | Tauren |
| 41:24 | Watch Tower |
| 41:35 | Watch Tower |
| 41:47 | Troll Berserker |
| 41:47 | Grunt |
| 41:54 | Watch Tower |
| 41:58 | Watch Tower |
| 42:17 | Watch Tower |
| 42:56 | Tauren |
| 42:58 | Raider |
| 43:50 | Watch Tower |
| 44:05 | Scroll of Town Portal |
| 44:50 | Orc Burrow |
| 44:54 | Orc Burrow |
| 45:10 | War Drums Damage Increase |
| 46:52 | Raider |
| 46:54 | Tauren |
| 47:46 | Raider |
| 47:53 | Steel Melee Weapons |
| 47:58 | Tauren |
| 48:34 | Raider |
| 48:56 | Thorium Melee Weapons |
| 49:38 | Orb of Lightning |
| 52:13 | Reinforced Defenses |
| 52:17 | Spiked Barricades |
| 60:52 | Orc Burrow |
| 61:59 | Orc Burrow |
| 62:30 | Orc Burrow |
| 62:43 | Orc Burrow |
| 64:13 | Orc Burrow |
| 65:20 | Great Hall |
| 65:25 | Orc Burrow |
| Right click | 3153 |
| Select | 1276 |
| Chat | 364 |
| Build/train/purchase | 235 |
| Select group | 129 |
| Misc. action | 109 |
| Use ability | 98 |
| Assign group | 67 |
| Item give/drop | 5 |
| Remove unit | 3 |
| Esc | 2 |